 Dungeon Crawl Stone Soup version 0.31.0-32-g396128a36d (webtiles) character file.

Game seed: 16288941659994719612

2148 spaghetti the Trooper (level 9, -3/96 HPs)
             Began as an Oni Artificer on Mar 8, 2024.
             Slain by Maurice
             ... wielding a +0 short sword
              (9 damage)
             ... on level 7 of the Dungeon.
             The game lasted 00:12:17 (8136 turns).

spaghetti the Trooper (Oni Artificer)               Turns: 8136, Time: 00:12:18

Health: -3/96      AC:  2    Str: 21    XL:     9   Next: 31%
Magic:  0/17       EV: 10    Int: 25    God:
Gold:   0          SH:  0    Dex:  9    Spells: 16/19 levels left

rFire   . . .        E - +8 falchion of Cioladat {flame, *Corrode +Blink rN+}
rCold   + . .        (no shield)
rNeg    + . .        b - +0 robe
rPois   .            (helmet restricted)
rElec   .            D - +2 cloak
rCorr   .            (gloves unavailable)
SInv    .            (boots unavailable)
Will    +....        (no amulet)
Stlth   ++           i - ring of wizardry
HPRegen 0.36/turn    r - +6 ring of intelligence
MPRegen 0.15/turn

%: corrode self (3%), wizardry (x1)
@: mighty, brilliant, corroded, hasted, very quick
A: large, unfitting armour, horns 2, tough skin 1, double potion healing,
drunken brawling, thin skeletal structure 1, clever 1, cold resistance 1,
strong-willed 1, strong 1, wild magic 1
a: Evoke Blink


You were on level 7 of the Dungeon.
You visited 1 branch of the dungeon, and saw 8 of its levels.

Inventory:

Hand Weapons
 a - a +1 club
 w - a +0 scythe
 E - the +8 falchion of Cioladat (weapon) {flame, *Corrode +Blink rN+}
   (You found it on level 7 of the Dungeon)

   rN+:       It protects you from negative energy.
   +Blink:    It lets you blink.
   *Corrode:  It may corrode you when you take damage.
Armour
 b - a +0 robe (worn)
 n - a +1 cloak of willpower
 D - a +2 cloak (worn)
Magical Staves
 f - a staff of conjuration
Jewellery
 i - a ring of wizardry (left hand)
 r - a +6 ring of intelligence (right hand)
 u - a ring of poison resistance
Wands
 c - a wand of flame (10)
 d - a wand of charming (13)
 e - a wand of iceblast (5)
 y - a wand of acid (6)
Scrolls
 l - 4 scrolls of teleportation
 A - a scroll of poison
 B - a scroll of amnesia
 C - a scroll of enchant weapon
Potions
 j - 4 potions of curing
 p - 2 potions of ambrosia {unknown}
 q - a potion of enlightenment {unknown}
 s - 2 potions of lignification {unknown}
 t - a potion of degeneration {unknown}
 x - 2 potions of mutation
 z - a potion of heal wounds {unknown}


   Skills:
 + Level 7.8 Fighting
 - Level 2.1 Dodging
 - Level 0.6 Stealth
 + Level 5.8 Spellcasting
 + Level 4.8 Conjurations
 - Level 3.0 Alchemy
 + Level 5.5 Evocations


You had 16 spell levels left.
You knew the following spells:

 Your Spells              Type           Power      Damage    Failure   Level
a - Sting                 Conj/Alch      100%       1d9       1%          1
b - Mercury Vapours       Alch/Air       56%        N/A       4%          2

Your spell library contained the following spells:

 Spells                   Type           Power      Damage    Failure   Level
 Magic Dart               Conj           100%       1d8       1%          1
 Searing Ray              Conj           100%       2d8       1%          2
 Sandblast                Erth           28%        2d8       4%          1
 Stone Arrow              Conj/Erth      74%        3d11      5%          3
 Lesser Beckoning         Tloc           28%        N/A       7%          2
 Fulminant Prism          Conj/Alch      25%        3d14      9%          4
 Gell's Gravitas          Tloc           14%        N/A       12%         3
 Passwall                 Erth           14%        N/A       12%         3
 Teleport Other           Tloc           14%        N/A       12%         3
 Olgreb's Toxic Radiance  Alch           43%        N/A       12%         4
 Brom's Barrelling Bould  Conj/Erth      37%        2d6       16%         4


Dungeon Overview and Level Annotations

Branches:
Dungeon (8/15)             Temple (0/1) D:5
   Lair: D:8-11

Altars:
Ashenzari
Dithmenos
Xom

Shops:
D:5 (

Annotations:
D:3 exclusion: water moccasin
D:7 Maurice


Innate Abilities, Weirdness & Mutations

You are too large for most types of armour.
You have a pair of horns on your head.
You have tough skin. (AC +1)
You gain doubled healing and magic from potions.
Whenever you drink a healing potion, you attack all around you.
You have a somewhat thin skeletal structure. (Dex +2, Stealth+)
Your mind is acute. (Int +4, Str/Dex -1)
Your flesh is cold resistant. (rC+)
You are strong-willed. (Will+)
Your muscles are strong. (Str +4, Int/Dex -1)
Your spells are a little harder to cast, but a little more powerful.


Message History

Something drains your magic.
It was a potion of haste.
You feel yourself speed up. Something hits you.
Your corrosive artefact corrodes you!
Something mutters, "Now where did you hide it?"
Something bites you!
You feel your power leaking away. Something drains your magic.
It was a potion of brilliance.
You feel clever all of a sudden. Something hits you!
Something mutters, "Now where did you hide it?"
Something bites you!
You feel your power leaking away. Something drains your magic.
It was a potion of might.
You feel very mighty all of a sudden.
You closely miss something. You headbutt something! Something hits you!
* * * LOW HITPOINT WARNING * * *
Something grunts, "Curses!"
Something bites you!
* * * LOW HITPOINT WARNING * * *
You feel your power leaking away. Something drains your magic.
Unknown command.
Unknown command.
Unknown command.
Unknown command.
You slash something! You burn something. Your headbutt misses something.
Something hits you!
* * * LOW HITPOINT WARNING * * *
Something groans, "What are you, a monk?"
Something bites you.
* * * LOW HITPOINT WARNING * * *
Something drains your magic.
Unknown command.
Unknown command.
Unknown command.
You slash something! You burn something. Your headbutt misses something.
Something hits you!
You die...

#.....+ #.....# ##+########+###
#.<...#######..............
#..........................
#..........................
#...ยง......................
#.........................
#.....................######+##
######.......{@.......#........
#................#........
#................#........
#................'........ ###
#................#########
..######.......#+######..........
.......#..)....#......#..........
>......#.......'......#..........
.......+.......#...>..#..........


There were no monsters in sight!

Vanquished Creatures
  Sigmund (D:4)
  A steam dragon (D:6)
  Menkaure (D:6)
  Edmund (D:5)
  A water moccasin (D:3)
  A black bear (D:5)
  3 sky beasts
  2 ogres
  2 phantoms
  4 scorpions
  A bombardier beetle (D:6)
  A gnoll bouda (D:4)
  A jelly (D:6)
  Crazy Yiuf (D:3)
  2 orc priests
  A sleepcap (D:6)
  A hound (D:7)
  2 iguanas
  3 orc wizards
  Robin (D:4)
  4 gnolls
  6 adders
  A shadow imp (D:6)
  2 dart slugs
  A ribbon worm (D:4)
  23 orcs
  2 bats (D:1)
  7 endoplasms
  2 giant cockroaches
  14 goblins
  16 hobgoblins
  9 jackals
  4 kobolds
  3 quokkas
  6 ball pythons
  4 frilled lizards
  6 rats
141 creatures vanquished.

Vanquished Creatures (collateral kills)
  An orc (D:7)
  An endoplasm (D:3)
  A jackal (D:3)
  A rat (D:3)
4 creatures vanquished.

Grand Total: 145 creatures vanquished

Notes
Turn   | Place    | Note
-------+----------+-------------------------------------------
     0 | D:1      | spaghetti the Oni Artificer began the quest for the Orb.
     0 | D:1      | Reached XP level 1. HP: 19/19 MP: 1/1
    56 | D:1      | Reached skill level 2 in Fighting
    81 | D:1      | Reached XP level 2. HP: 26/28 MP: 2/2
   481 | D:1      | Reached XP level 3. HP: 30/36 MP: 3/3
   590 | D:1      | Reached skill level 3 in Fighting
   598 | D:1      | Learned a level 1 spell: Sting
   849 | D:2      | Found a faded altar of an unknown god.
  1604 | D:3      | Reached XP level 4. HP: 45/45 MP: 0/4
  1660 | D:3      | Noticed a water moccasin
  1708 | D:3      | Noticed a water moccasin
  1713 | D:3      | Killed a water moccasin
  1714 | D:3      | Reached skill level 1 in Spellcasting
  1714 | D:3      | Reached skill level 1 in Conjurations
  1714 | D:3      | Reached skill level 1 in Alchemy
  1714 | D:3      | Reached XP level 5. HP: 46/54 MP: 4/7
  2102 | D:3      | Reached skill level 4 in Fighting
  2105 | D:3      | Learned a level 2 spell: Mercury Vapours
  2693 | D:3      | Found a broken altar of Ashenzari.
  2693 | D:3      | Found a shimmering altar of Xom.
  2938 | D:3      | Found a runed translucent door.
  2939 | D:3      | Noticed Crazy Yiuf
  3096 | D:3      | Killed Crazy Yiuf
  3097 | D:3      | Reached XP level 6. HP: 49/62 MP: 0/9
  3215 | D:4      | Noticed Robin
  3317 | D:4      | Killed Robin
  3876 | D:4      | Reached XP level 7. HP: 63/71 MP: 2/11
  4108 | D:4      | Reached skill level 5 in Fighting
  4242 | D:4      | Noticed Sigmund
  4247 | D:4      | Killed Sigmund
  4662 | D:5      | Entered Level 5 of the Dungeon
  4693 | D:5      | Noticed Edmund
  4702 | D:5      | Killed Edmund
  4856 | D:5      | Found a shadowy altar of Dithmenos.
  5028 | D:5      | Reached XP level 8. HP: 83/83 MP: 6/13
  5170 | D:5      | Reached skill level 6 in Fighting
  5446 | D:5      | Found Xicets's Antique Weapon Boutique.
  5587 | D:5      | Found a staircase to the Ecumenical Temple.
  5631 | D:5      | Gained mutation: You are clumsy. (Dex -2) [potion of
                  | mutation]
  5631 | D:5      | Gained mutation: Your spells are a little easier to cast,
                  | but a little less powerful. [potion of mutation]
  5631 | D:5      | Gained mutation: Your flesh is cold resistant. (rC+)
                  | [potion of mutation]
  5631 | D:5      | Gained mutation: You possess an exceptional clarity of
                  | mind. [potion of mutation]
  5632 | D:5      | Lost mutation: Your spells are a little easier to cast, but
                  | a little less powerful. [potion of mutation]
  5632 | D:5      | Lost mutation: You possess an exceptional clarity of mind.
                  | [potion of mutation]
  5632 | D:5      | Gained mutation: Your muscles are strong. (Str +4, Int/Dex
                  | -1) [potion of mutation]
  5632 | D:5      | Gained mutation: You occasionally shout uncontrollably at
                  | your foes. [potion of mutation]
  5632 | D:5      | Gained mutation: You have a pair of horns on your head.
                  | [potion of mutation]
  5633 | D:5      | Lost mutation: You occasionally shout uncontrollably at
                  | your foes. [potion of mutation]
  5633 | D:5      | Lost mutation: You are clumsy. (Dex -2) [potion of
                  | mutation]
  5633 | D:5      | Gained mutation: Your spells are a little harder to cast,
                  | but a little more powerful. [potion of mutation]
  5633 | D:5      | Gained mutation: You have a somewhat thin skeletal
                  | structure. (Dex +2, Stealth+) [potion of mutation]
  5633 | D:5      | Gained mutation: Your mind is acute. (Int +4, Str/Dex -1)
                  | [potion of mutation]
  5633 | D:5      | Gained mutation: You are strong-willed. (Will+) [potion of
                  | mutation]
  7032 | D:6      | Reached skill level 7 in Fighting
  7032 | D:6      | Reached skill level 5 in Spellcasting
  7032 | D:6      | Reached skill level 5 in Evocations
  7122 | D:6      | Reached XP level 9. HP: 88/93 MP: 10/16
  7161 | D:6      | Noticed Menkaure
  7169 | D:6      | Killed Menkaure
  7480 | D:7      | Identified the +8 falchion of Cioladat {flame, *Corrode
                  | +Blink rN+}
  7513 | D:7      | Noticed Maurice
  7516 | D:7      | Maurice stole a ring of flight
  7519 | D:7      | Maurice stole a +4 quarterstaff of chaos
  7520 | D:7      | Maurice stole an orb of guile
  7521 | D:7      | Maurice stole 325 gold
  8136 | D:7      | Slain by Maurice

Illustrated notes

Levels and vault maps discovered:
D:1:      reono_arrival_forest_river, layout_rooms, minmay_misc_feat_enclosed,
          skrybe_limestone_x
D:2:      layout_basic, ebering_ecumenical_altar_mist, minmay_pentomino_w4
D:3:      layout_loops_cross, amethyst_overflow_temple_binary,
          uniq_crazy_yiuf_cottage
D:4:      layout_basic, enter_ossuary_1, uniq_robin, uniq_sigmund
D:5:      layout_layer_cave, nicolae_dithmenos_shadow_blocks, temple_statues,
          serial_shops, nicolae_shop_real_fake_doors, hex_tiny, uniq_edmund
D:6:      layout_basic, minmay_increasing_density, uniq_menkaure
D:7:      layout_gridville, uniq_maurice
D:8:      layout_basic, lightli_bailey_entry_fortress, grunt_decor_junction

Skill      XL: |  1  2  3  4  5  6  7  8 |
---------------+-------------------------+-----
Fighting       | 2 3 4 5 7 |  7.8
Evocations     | 3 4 5 |  5.5
Spellcasting   | 1 2 3 5 |  5.8
Conjurations   | 1 2 3 4 |  4.8
Alchemy        | 1 2 3 |  3.0
Dodging        | |  2.1
Stealth        | |  0.6

Action                     |  1- 3 |  4- 6 |  7- 9 || total
---------------------------+-------+-------+-------++-------
  Melee: Club              |    46 |       |       ||    46
         Headbutt          |    14 |    12 |    11 ||    37
         Staff             |    88 |    40 |       ||   128
         Punch             |     1 |       |       ||     1
         Quarterstaff      |       |    47 |    60 ||   107
         Unarmed           |       |       |    29 ||    29
         Falchion          |       |       |    26 ||    26
   Cast: Sting             |    29 |    45 |   100 ||   174
         Mercury Vapours   |       |    27 |     7 ||    34
  Evoke: Wand              |       |     7 |       ||     7
    Use: Scroll            |     5 |       |     2 ||     7
         Potion            |       |       |     8 ||     8
   Stab: Sleeping          |       |       |     1 ||     1
 Armour: Robe              |   128 |   100 |   115 ||   343
         Skin              |       |       |    22 ||    22
  Dodge: Dodged            |   114 |    78 |    87 ||   279
